 Dungeon Crawl Stone Soup version 0.29-a0-584-gb10a8bf730 (webtiles) character file.

Game seed: 1138667643663379736

288 KristoblXynda the Slasher (level 6, -14/52 HPs)
             Began as a Draconian Gladiator on June 15, 2022.
             Demolished by an ogre
             ... wielding a +0 giant club
              (24 damage)
             ... on level 4 of the Dungeon.
             The game lasted 00:02:44 (3513 turns).

KristoblXynda the Slasher (Draconian Gladiator)     Turns: 3513, Time: 00:02:45

Health: -14/52     AC:  7    Str: 17    XL:     6   Next: 9%
Magic:  6/6        EV: 13    Int:  8    God:
Gold:   148        SH:  0    Dex: 14    Spells: 5/5 levels left

rFire   . . .      SeeInvis .   n - +0 scimitar
rCold   . . .      Faith    .   (no shield)
rNeg    . . .      Spirit   .   (body armour unavailable)
rPois   .          Reflect  .   b - +0 hat
rElec   .          Harm     .   d - +0 cloak
rCorr   .          Rampage  .   (no gloves)
Will    .....                   (no boots)
Stlth   +.........              (no amulet)
HPRegen 0.17/turn               (no ring)
MPRegen 0.10/turn               (no ring)

@: about to teleport
A: AC +6, unfitting armour, cold-blooded
a: no special abilities


You were on level 4 of the Dungeon.
You visited 1 branch of the dungeon, and saw 4 of its levels.

You collected 148 gold pieces.

Inventory:

Hand Weapons
 n - a +0 scimitar (weapon)
Missiles
 c - 2 throwing nets
 p - a javelin (quivered)
Armour
 b - a +0 hat (worn)
 d - a +0 cloak (worn)
Scrolls
 a - a scroll of torment {unknown}
 k - a scroll of vulnerability {unknown}
 o - 2 scrolls of identify
Potions
 e - 3 potions of curing
 f - a potion of brilliance {unknown}
 g - a potion of berserk rage {unknown}
 h - 2 potions of attraction
 i - 2 potions of degeneration {unknown}
 l - a potion of resistance {unknown}
 m - a potion of lignification {unknown}


   Skills:
 + Level 3.9 Fighting
 * Level 5.2 Long Blades
 - Level 2.0 Throwing
 + Level 3.8 Dodging


You had 5 spell levels left.
You didn't know any spells.
Your spell library contained the following spells:

 Spells                   Type           Power      Damage    Failure   Level
 Gell's Gravitas          Tloc           0%         N/A       78%         3
 Lesser Beckoning         Tloc           0%         N/A       78%         3
 Teleport Other           Tloc           0%         N/A       78%         3


Dungeon Overview and Level Annotations

Branches:
Dungeon (4/15)
 Temple: D:4-7

Altars:
Hepliaklqana

Shops:
D:2 (


Innate Abilities, Weirdness & Mutations

Your plain brown scales are hard. (AC +6)
You cannot fit into any form of body armour.
You are cold-blooded and may be slowed by cold attacks.


Message History

The ball python bites you but does no damage.
The ball python closely misses you.
The iguana bites you but does no damage.
You barely miss the iguana.
The iguana is heavily wounded.
The ball python barely misses you. x2; The iguana bites you!
* * * LOW HITPOINT WARNING * * *
Unknown command.
Your surroundings suddenly seem different.
A jelly, a ball python, 2 goblins, an ogre, a giant cockroach and a quokka come into view.
Found 17 stones.
The ogre shouts!
The goblin shouts!
The ball python hisses angrily.
The jelly quivers.
The ball python closely misses you. The ball python misses you.
As you read the scroll of teleportation, it crumbles to dust.
You feel strangely unstable. The quokka closely misses you.
The ball python bites you but does no damage.
The ball python barely misses you.
A kobold comes into view. It is wielding a +0 dagger.
The jelly hits you but does no damage.
You feel better. The quokka barely misses you.
The ball python bites you but does no damage.
The ball python closely misses you. The jelly closely misses you.
The ogre hits you with a +0 giant club!!
* * * LOW HITPOINT WARNING * * *
Unknown command.
Unknown command.
You feel better. The quokka closely misses you. The giant cockroach bites you.
* * * LOW HITPOINT WARNING * * *
The ball python closely misses you. The ball python grabs you.
The ball python constricts you. The jelly hits you but does no damage.
Unknown command.
Unknown command.
The kobold shouts!
You slash the ball python!
You kill the ball python!
The giant cockroach bites you but does no damage.
The quokka misses you.
The ogre hits you with a +0 giant club!!
You die...

#############
#..gJ@B......
##(.r†O.g....
#............
#.........⌠...
#.#............ #
##...........
...........K
######################
.........g#.##....


You could see an ogre, a jelly, a quokka, a giant cockroach, a hobgoblin, a
goblin and a kobold.

Vanquished Creatures
  A scorpion (D:2)
  2 orc priests (D:3)
  Crazy Yiuf (D:3)
  2 orc wizards (D:3)
  3 adders (D:2)
  2 dart slugs
  6 orcs
  6 ball pythons
  5 endoplasms
  4 giant cockroaches
  6 goblins
  5 hobgoblins
  2 jackals (D:1)
  4 quokkas (D:1)
  3 bats
  4 frilled lizards
  7 kobolds
  3 rats (D:2)
66 creatures vanquished.

Notes
Turn   | Place    | Note
-------+----------+-------------------------------------------
     0 | D:1      | KristoblXynda the Draconian Gladiator began the quest for
                  | the Orb.
     0 | D:1      | Reached XP level 1. HP: 17/17 MP: 1/1
   170 | D:1      | Reached XP level 2. HP: 25/25 MP: 2/2
   207 | D:1      | You fall into a shaft and drop 1 floor!
   559 | D:2      | Noticed a scorpion
   568 | D:2      | Killed a scorpion
   569 | D:2      | Reached skill level 4 in Long Blades
   569 | D:2      | Reached XP level 3. HP: 23/31 MP: 3/3
   569 | D:2      | Reached XP level 4. HP: 28/38 MP: 4/4
   734 | D:2      | Found a hazy altar of Hepliaklqana.
   782 | D:2      | Found a faded altar of an unknown god.
  1002 | D:2      | Found Hinox's Antique Weapon Shoppe.
  1900 | D:3      | Reached XP level 5. HP: 28/45 MP: 5/5
  2496 | D:3      | Reached skill level 5 in Long Blades
  2992 | D:3      | Found a runed translucent door.
  2993 | D:3      | Noticed Crazy Yiuf
  3002 | D:3      | Killed Crazy Yiuf
  3003 | D:3      | Reached XP level 6. HP: 33/52 MP: 6/6
  3511 | D:4      | HP: 1/52 [ogre/+0 giant club (19)]
  3513 | D:4      | Demolished by an ogre

Illustrated notes

Levels and vault maps discovered:
D:1:      minmay_arrival_shattered_statue, layout_basic, st_stairs_7
D:2:      layout_rooms, serial_shops, nicolae_shop_window_shopping,
          shapermc_ecumenical_altar_pompeii, basic_altar, minmay_close_crescents
D:3:      layout_loops_ring, serial_bayou_pond_e, uniq_crazy_yiuf_cottage
D:4:      layout_cave_pools, chequers_serial_rivers_large_a,
          wad_rectangle_vault, uniq_robin

Skill      XL: |  1  2  3  4  5 |
---------------+----------------+-----
Throwing       | 2 |  2.0
Dodging        | 3 |  3.8
Fighting       | 3 |  3.9
Long Blades    | 4 5 |  5.2

Action                   |  1- 3 |  4- 6 || total
-------------------------+-------+-------++-------
Melee: Long sword        |    40 |    90 ||   130
       Tailslap          |     8 |    19 ||    27
       Punch             |       |     2 ||     2
       Scimitar          |       |    60 ||    60
Throw: Javelin           |     1 |     3 ||     4
       Throwing net      |     1 |     1 ||     2
  Use: Scroll            |       |     4 ||     4
       Potion            |       |     2 ||     2
 Stab: Sleeping          |     1 |     2 ||     3
       Held in net/web   |       |     1 ||     1
Armor: Skin              |     5 |    54 ||    59
Dodge: Dodged            |    25 |   120 ||   145

Table legend: (Time is in decaauts)
 A = Elapsed time spent in this place.
 B = Non-inter-level travel time spent in this place.
 C = Inter-level travel time spent in this place.
 D = Time resting spent in this place.
 E = Time spent auto-exploring this place.
 F = Levels seen in this place.
 G = Mean time per level.
                   A        B        C        D        E       F      G
               +--------+--------+--------+--------+--------+-----+--------+
         Total |   3554 |   3497 |     57 |    968 |   2017 |   4 |  888.5 |
       Dungeon |   3554 |   3497 |     57 |    968 |   2017 |   4 |  888.5 |
               +--------+--------+--------+--------+--------+-----+--------+

Top non-repeatable levels by time:
     D:3: 1626 daAuts
     D:1: 950 daAuts
     D:2: 942 daAuts
     D:4: 33 daAuts
